 Dungeon Crawl Stone Soup version 0.31-a0-596-g831eee08f1 (webtiles) character file.

Game seed: 13709012396784106579

2433 BubbleThief the Grappler (level 9, -2/66 HPs)
             Began as an Octopode Shapeshifter on Aug 21, 2023.
             Was a Follower of Makhleb.
             Killed from afar by a steam dragon (16 damage)
             ... with a ball of steam
             ... on level 7 of the Dungeon.
             The game lasted 00:09:47 (5704 turns).

BubbleThief the Grappler (Octopode Shapeshifter)    Turns: 5704, Time: 00:09:48

Health: -2/66      AC:  1    Str: 24    XL:     9   Next: 48%
Magic:  18/18      EV: 15    Int: 10    God:    Makhleb [*.....]
Gold:   642        SH:  0    Dex: 13    Spells: 8/8 levels left

rFire   . .          .
                       - Unarmed
rCold   . . .        (no shield)
rNeg    . . .        (helmet currently unavailable)
rPois   .            v - amulet of regeneration
rElec   .            h - ring of resist corrosion
rCorr   +            x - +6 ring of strength
SInv    .            y - ring of flight
Will    .....        E - ring of magical power
Stlth   ++           (no ring)
HPRegen 1.11/turn    (no ring)
MPRegen 0.16/turn    (no ring)
                     (no ring)

%: no passive effects
@: beast-form, flying
A: beast (slay +2), almost no armour, amphibious, 8 rings, camouflage 1,
gelatinous body 1, (nimble swimmer 1), tentacles
a: Begin Untransformation, Renounce Religion


You were on level 7 of the Dungeon.
You worshipped Makhleb.
Makhleb was aware of your devotion.
You were a hulking beast.
You visited 2 branches of the dungeon, and saw 8 of its levels.

You collected 642 gold pieces.

Inventory:

Missiles
 n - 5 atropa-tipped darts (quivered)
 q - a throwing net
 D - a curare-tipped dart
Jewellery
 h - a ring of resist corrosion (left tentacle)
 v - an amulet of regeneration (around mantle)
 x - a +6 ring of strength (right tentacle)
 y - a ring of flight (on tentacle)
 C - an amulet of reflection
 E - a ring of magical power (on tentacle)
Talismans
 b - a beast talisman (active)
 c - a flux talisman
 s - a maw talisman
Wands
 t - a wand of roots (7)
Scrolls
 e - 3 scrolls of enchant armour
 i - 4 scrolls of revelation
 j - a scroll of amnesia {unknown}
 l - 4 scrolls of teleportation
 m - a scroll of immolation {unknown}
 w - a scroll of identify
Potions
 a - 2 potions of lignification
 d - 3 potions of haste
 f - a potion of magic {unknown}
 g - 2 potions of degeneration {unknown}
 k - 5 potions of curing {unknown}
 o - a potion of brilliance {unknown}
 p - a potion of mutation {unknown}
 r - a potion of invisibility {unknown}
 u - a potion of cancellation {unknown}
 z - 2 potions of ambrosia {unknown}
 A - a potion of enlightenment {unknown}
 B - a potion of heal wounds {unknown}


   Skills:
 + Level 8.2 Fighting
 - Level 5.3 Dodging
 + Level 8.6 Unarmed Combat
 - Level 3.0 Shapeshifting


You had 8 spell levels left.
You didn't know any spells.
Your spell library contained the following spells:

 Spells                   Type           Power      Damage    Failure   Level
 Slow                     Hex            0%         N/A       36%         1
 Summon Small Mammal      Summ           0%         N/A       36%         1
 Cigotuvi's Dreadful Rot  Necr/Pois/Air  0%         N/A       50%         2
 Call Canine Familiar     Summ           0%         N/A       75%         3
 Confusing Touch          Hex            0%         N/A       75%         3
 Ignite Poison            Fire/Tmut/Pois 0%         N/A       75%         3
 Portal Projectile        Hex/Tloc       0%         N/A       75%         3
 Summon Guardian Golem    Hex/Summ       0%         N/A       75%         3
 Tukima's Dance           Hex            0%         N/A       75%         3
 Vampiric Draining        Necr           0%         2d6       75%         3
 Iskenderun's Mystic Bla  Conj/Tloc      0%         2d3       98%         4
 Freezing Cloud           Conj/Ice/Air   0%         6-21      100%        5
 Orb of Destruction       Conj           0%         9d5       100%        7
 Spellforged Servitor     Conj/Summ      0%         N/A       100%        7


Dungeon Overview and Level Annotations

Branches:
Dungeon (7/15)             Temple (1/1) D:6

Altars:
Ashenzari
Cheibriados
Dithmenos
Elyvilon
Fedhas
Gozag
Hepliaklqana
Kikubaaqudgha
Makhleb
Nemelex Xobeh
Okawaru
Qazlal
Ru
Sif Muna
Trog
Uskayaw
Vehumet
Xom
Yredelemnul
Zin
The Shining One

Annotations:
Temple 2 transporters


Innate Abilities, Weirdness & Mutations

You are a hulking beast.
Your limbs bulge with bestial killing power. (Slay +2)
You cannot wear most types of armour.
You are amphibious.
You can wear up to eight rings at the same time.
Your skin changes colour to match your surroundings (Stealth+).
Your rubbery body absorbs attacks. (AC +1, EV +1)
((You are camouflaged when in or above water. (Stealth+)))
You have tentacles for arms and can constrict up to eight enemies at once.


Message History

The hound is almost dead.
You constrict the hound.
You kill the hound!
Makhleb accepts your kill.
Unknown command.
You bludgeon the sleepcap! You grab the sleepcap. You squeeze the sleepcap.
The sleepcap is heavily damaged.
You constrict the sleepcap.
Unknown command.
You bludgeon the sleepcap!
You destroy the sleepcap!
Makhleb accepts your kill. The white imp gestures at you.
The puff of frost hits you!
The centaur zaps a wand.
You struggle to resist.
Unknown command.
The white imp shouts, "Decamp, thou plume-plucked hell-hated clack-dish!"
The centaur wields a +0 shortbow.
The centaur shoots an arrow.
The arrow hits you! The white imp gestures at you.
The puff of frost misses you.
The centaur zaps a wand.
Your mind is blasted!
Unknown command.
The centaur zaps a wand.
Your mind is blasted!
The white imp disappears for a moment.
The white imp gestures at you. The puff of frost hits you!
* * * LOW HITPOINT WARNING * * *
You see here a hound corpse.
Unknown command.
Unknown command.
You bludgeon the centaur!
Your tentacle-slap misses the centaur.
You squeeze the centaur!
You kill the centaur!
Makhleb accepts your kill.
Unknown command.
You bludgeon the white imp!
You kill the white imp!
Makhleb accepts your kill. The steam dragon breathes steam at you.
The ball of steam hits you!
You die...

,....##*,,,,,,* ##....**,,,*#....
,......*,,,,,,*##....,.##,##....#
.,.....#########..#.,#..###......
...............#.D.#*...#........
..,**#.........#...##...#........
..** *#........#..#..#..#.......#
.######........##..c...##.......#
................##.5..######...##
....##..####.###h##f'##..#......#
....##..###..#*#.D#..#......##...
.######.......##......##....)....
...## #....####........#....##.#.
....###....# #......)##....###.#
##..#......# ##...........##....
....#......####.....##)))...#....
......................)).)......#
..............#......#...........


You could see a steam dragon (catching breath).

Vanquished Creatures
  Sigmund (D:4)
  A steam dragon (D:7)
  2 ice beasts
  3 black bears
  2 ogres
  3 centaurs
  2 kobold brigands
  A gnoll sergeant (D:5)
  4 scorpions
  A wight (D:7)
  2 orc priests (D:6)
  4 hounds
  A jelly (D:6)
  A sleepcap (D:7)
  5 iguanas
  3 orc wizards
  15 gnolls
  7 adders
  2 shadow imps (D:6)
  A white imp (D:7)
  An ufetubus (D:6)
  5 dart slugs (D:1)
  11 orcs
  7 endoplasms
  3 giant cockroaches
  12 goblins
  3 hobgoblins
  4 jackals (D:4)
  16 kobolds
  6 quokkas
  7 ball pythons
  3 bats
  A frilled lizard (D:1)
  9 rats
149 creatures vanquished.

Notes
Turn   | Place    | Note
-------+----------+-------------------------------------------
     0 | D:1      | BubbleThief the Octopode Shapeshifter began the quest for
                  | the Orb.
     0 | D:1      | Reached XP level 1. HP: 13/13 MP: 1/1
    88 | D:1      | Found a faded altar of an unknown god.
    92 | D:1      | Reached XP level 2. HP: 18/18 MP: 2/2
   344 | D:1      | Reached XP level 3. HP: 24/24 MP: 3/3
   897 | D:2      | Reached XP level 4. HP: 20/30 MP: 4/4
  1555 | D:2      | Reached XP level 5. HP: 25/36 MP: 5/5
  1956 | D:3      | Found a snail-covered altar of Cheibriados.
  2057 | D:3      | Found a broken altar of Ashenzari.
  2591 | D:4      | Reached XP level 6. HP: 42/42 MP: 6/6
  2593 | D:4      | Noticed a black bear
  2604 | D:4      | Killed a black bear
  2685 | D:4      | Noticed Sigmund
  2694 | D:4      | Killed Sigmund
  2695 | D:4      | Reached skill level 5 in Unarmed Combat
  2695 | D:4      | Reached XP level 7. HP: 46/48 MP: 7/7
  2838 | D:4      | Found an iron altar of Okawaru.
  3310 | D:5      | Entered Level 5 of the Dungeon
  3329 | D:5      | Reached skill level 5 in Dodging
  3349 | D:5      | Reached skill level 5 in Fighting
  3468 | D:5      | Reached XP level 8. HP: 28/55 MP: 8/8
  4533 | D:6      | Found a staircase to the Ecumenical Temple.
  4540 | Temple   | Found a transporter.
  4540 | Temple   | Found a transporter.
  4540 | Temple   | Found a transporter.
  4540 | Temple   | Found a transporter.
  4540 | Temple   | Entered the Ecumenical Temple
  4556 | Temple   | Became a worshipper of Makhleb the Destroyer
  4877 | D:6      | Reached XP level 9. HP: 59/64 MP: 9/9
  4974 | D:6      | Reached * piety under Makhleb
  5237 | D:6      | Found an ancient bone altar of Kikubaaqudgha.
  5704 | D:7      | Killed from afar by a steam dragon

Illustrated notes

Levels and vault maps discovered:
D:1:      lemuel_arrival_broad_hall, layout_basic,
          hellmonk_ecumenical_altar_arch_garden, serial_bayou_lagoon_a
D:2:      minmay_evil_eye, layout_basic, serial_glass, glass_columns_c,
          glass_columns_b
D:3:      layout_basic, mainiacjoe_overflow_small_starburst,
          mainiacjoe_overflow_24_doors
D:4:      layout_loops_ring, lemuel_coloured_pillars_altar, uniq_sigmund
D:5:      layout_loops_ring
D:6:      layout_cave_pools, mainiacjoe_overflow_alcove_1, dk_noncrumbling_3
D:7:      minmay_polygon_palace, layout_cave_pools, kennysheep_generic_room_16
Temple:   hellmonk_temple_divided_pantheon

Skill      XL: |  1  2  3  4  5  6  7  8  9 |
---------------+----------------------------+-----
Fighting       | 2 3 4 5 7 8 |  8.2
Dodging        | 3 4 5 |  5.3
Unarmed Combat | 4 5 7 8 |  8.6
Shapeshifting  | |  3.0

Action                     |  1- 3 |  4- 6 |  7- 9 || total
---------------------------+-------+-------+-------++-------
  Melee: Unarmed           |    57 |    86 |   187 ||   330
         Constrict         |    15 |    20 |    45 ||    80
         Tentacles         |     8 |    21 |    34 ||    63
         Punch             |     1 |     2 |     9 ||    12
  Throw: Dart              |       |       |     1 ||     1
    Use: Scroll            |       |       |     7 ||     7
   Stab: Sleeping          |     7 |    11 |     4 ||    22
 Armour: Skin              |     2 |     6 |     4 ||    12
  Dodge: Dodged            |    18 |    36 |   120 ||   174

Table legend: (Time is in decaauts)
 A = Elapsed time spent in this place.
 B = Non-inter-level travel time spent in this place.
 C = Inter-level travel time spent in this place.
 D = Time resting spent in this place.
 E = Time spent auto-exploring this place.
 F = Levels seen in this place.
 G = Mean time per level.
                   A        B        C        D        E       F      G
               +--------+--------+--------+--------+--------+-----+--------+
         Total |   5669 |   5524 |    145 |    150 |   4287 |   8 |  708.6 |
       Dungeon |   5637 |   5499 |    138 |    150 |   4287 |   7 |  805.3 |
        Temple |     31 |     24 |      7 |      0 |      0 |   1 |   31.0 |
               +--------+--------+--------+--------+--------+-----+--------+

Top non-repeatable levels by time:
     D:5: 1240 daAuts
     D:2: 1028 daAuts
     D:4: 882 daAuts
     D:1: 740 daAuts
     D:6: 698 daAuts
     D:3: 644 daAuts
     D:7: 402 daAuts
  Temple: 31 daAuts
